 Dungeon Crawl Stone Soup version 0.19.0-16-g73b5abf (webtiles) character file.

273 RKaid the Cudgeler (level 6, -2/37 HPs)
             Began as a Gargoyle Fighter on Nov 10, 2016.
             Killed by divine providence
             ... invoked by an orc priest
              (15 damage)
             ... on level 4 of the Dungeon.
             The game lasted 00:04:52 (2673 turns).

RKaid the Cudgeler (Gargoyle Fighter)               Turns: 2673, Time: 00:04:52

Health: -2/37      AC: 13    Str: 19 (20) XL:     6   Next: 23%
Magic:  6/6        EV:  7    Int: 12 (14) God:
Gold:   196        SH:  8    Dex:  8 (10) Spells: 0 memorised, 5 levels left

rFire  . . .     SeeInvis .     a - +0 flail
rCold  . . .     Gourm    .     b - +0 scale mail
rNeg   + . .     Faith    .     c - +0 shield
rPois  ∞         Spirit   .     k - +0 helmet
rElec  +         Reflect  .     (no cloak)
rCorr  .         Harm     .     s - +0 pair of gloves (curse)
MR     .....                    (no boots)
Stlth  ..........               (no amulet)
                                (no ring)
                                (no ring)

@: brilliant
A: negative energy resistance 1, electricity resistance, unbreathing,
petrification resistance, rot immunity, AC +4
a: no special abilities


You were on level 4 of the Dungeon.
You were not hungry.

You visited 1 branch of the dungeon, and saw 4 of its levels.

You collected 196 gold pieces.

Inventory:

Hand Weapons
 a - a +0 flail (weapon)
Missiles
 l - 2 javelins (quivered)
Armour
 b - a +0 scale mail (worn)
 c - a +0 shield (worn)
 k - a +0 helmet (worn)
   (You found it on level 1 of the Dungeon)
 s - a cursed +0 pair of gloves (worn)
   (You found it on level 2 of the Dungeon)
Scrolls
 g - 6 scrolls of identify {unknown}
 m - a scroll of teleportation {unknown}
 o - a scroll of blinking {unknown}
 p - a scroll of enchant armour {unknown}
 r - 3 scrolls of remove curse {unknown}
 t - 2 scrolls of immolation {unknown}
 y - a scroll of enchant weapon {unknown}
 A - 2 scrolls of fear {unknown}
 B - a scroll of recharging {unknown}
 C - a scroll of amnesia {unknown}
Potions
 d - 2 potions of might
 e - a potion of degeneration {!q}
 i - a potion of mutation {unknown}
 j - 3 potions of brilliance
 n - a potion of curing
 v - a potion of heal wounds {unknown}
 w - a potion of resistance {unknown}
 x - 2 potions of lignification {unknown}
 z - 2 potions of flight {unknown}
Comestibles
 f - 3 bread rations
 h - 2 meat rations
 q - a beef jerky
 u - 5 chunks of flesh


   Skills:
 - Level 3.2 Fighting
 + Level 6.4 Maces & Flails
 - Level 3.2 Armour
 - Level 3.2 Shields


You had 5 spell levels left.
You didn't know any spells.

Dungeon Overview and Level Annotations

Branches:
Dungeon (4/15)
 Temple: D:4-7

Altars:
Vehumet
Yredelemnul


Innate Abilities, Weirdness & Mutations

You are resistant to torment.
Your stone body is resilient. (AC +4)
You are immune to poison.
You resist negative energy. (rN+)
You are resistant to electric shocks. (rElec)
You can survive without breathing.
You are immune to petrification.
You are immune to rotting.


Message History

Your shield prevents you from hitting the hound skeleton.
The hound skeleton bites you but does no damage.
You sock the hound skeleton!
You destroy the hound skeleton!
You have reached level 6!
Your experience leads to an increase in your attributes!
Increase (S)trength, (I)ntelligence, or (D)exterity?
You feel clever.
You start resting.
A ball python comes into view.
A ball python is nearby!
Throwing (i - inventory):
l - 2 javelins (quivered)
Press: ? - help, Shift-Dir - straight line, f - ball python
Aim: a ball python You throw a javelin.
The javelin hits the ball python!
You kill the ball python!
No target in view!
No target in view!
You butcher the quokka corpse.
u - 6 chunks of flesh (gained 1)
You see here a quokka skeleton. x2
l - 2 javelins (gained 1)
You butcher the ball python corpse.
u - 8 chunks of flesh (gained 2)
j - 4 yellow potions (gained 1)
You now have 196 gold pieces (gained 9).
A centaur skeleton comes into view.
The centaur skeleton barely misses you.
You sock the centaur skeleton!
The centaur skeleton completely misses you.
You sock the centaur skeleton!
The centaur skeleton hits you but does no damage.
You hit the centaur skeleton.
The centaur skeleton hits you but does no damage.
You block the centaur skeleton's attack.
You hit the centaur skeleton.
The centaur skeleton hits you but does no damage.
You sock the centaur skeleton!
You destroy the centaur skeleton!
You see here a rapier.
C - a scroll labeled DAWEMUM UVEM Quiver which item? (- for none, * to show all) (? for menu, Esc to quit)
Reset throwing quiver to default.
A gnoll comes into view. It is wielding a spear.
A gnoll is nearby!
A jackal comes into view.
The jackal barks!
The jackal moves out of view.
Found a stone staircase leading down.
A worker ant and an orc priest come into view.
The orc priest is wielding a flail of protection.
Your shield and scale mail prevent you from hitting the gnoll.
The gnoll hits you but does no damage.
You thump the gnoll! You block the gnoll's attack.
The gnoll hits you but does no damage.
Your shield and scale mail prevent you from hitting the gnoll.
The orc priest invokes the aid of Beogh against you.
Beogh smites you! The gnoll hits you but does no damage.
You hear a shout! x3
You hit the gnoll.
You kill the gnoll!
A jackal, 2 gnolls, an orc priest and a skeleton come into view.
The gnoll shouts! x2
The orc priest casts a cantrip, but nothing happens.
You block the orc priest's attack.
A jackal, a gnoll shaman and 2 orc priests come into view.
Things that are here:
a spear; a gnoll corpse You barely miss the orc priest.
The jackal barks!
You block the jackal's attack.
The orc priest moves out of view.
The jackal bites you but does no damage.
The orc priest barely misses you.
The orc priest invokes the aid of Beogh against you.
Beogh smites you!
Some of the chunks of flesh in your inventory have rotted away.
You hit the orc priest. You block the jackal's attack.
You block the orc priest's attack.
The jackal bites you but does no damage.
A gnoll comes into view. It is wielding a spear of venom.
You block the jackal's attack.
Okay, then.
The jackal bites you.
The orc priest mumbles some strange prayers to Beogh against you.
Beogh smites you!
* * * LOW HITPOINT WARNING * * *
You block the jackal's attack.
It was a potion of brilliance.
You feel clever all of a sudden. You block the jackal's attack.
It was a potion of degeneration.
There was something very wrong with that liquid.
You feel weakened.
You feel dopey.
You feel clumsy.
The jackal bites you but does no damage.
You block the jackal's attack.
It was a potion of curing.
You feel better. The jackal barely misses you. You block the jackal's attack.
The orc priest calls down the wrath of Beogh upon you.
Beogh smites you!
You die...

#.# ###...###
.>...###.......#
.......)o..)...#
.....#.#.o.....#
#.. Zgh###o..#.#
# #ho## #...#.#
.og.
##.##.##########
..gg
#o##..........#
...
#o.g.h@.#####.#
... #.#####.#
#.# ...# #.# #.#
..#### #.# #.#
... #.# #.# ..
#.# #.# . #.#
##.# .#. #..#
#.##


You could see a gnoll shaman, 2 orc priests and a jackal.

Vanquished Creatures
  A howler monkey (D:4)
  2 centaur skeletons (D:4)
  An orc priest (D:3)
  An orc wizard (D:3)
  A hound skeleton (D:4)
  A gnoll (D:4)
  3 adders
  3 dart slugs
  A worm (D:2)
  A leopard gecko (D:2)
  8 orcs (D:3)
  4 giant cockroaches
  4 hobgoblins
  5 jackals (D:1)
  7 kobolds
  2 quokkas
  2 ball pythons
  5 bats
  2 frilled lizards
  5 goblins
59 creatures vanquished.

Notes
Turn   | Place    | Note
-------+----------+-------------------------------------------
     0 | D:1      | RKaid the Gargoyle Fighter began the quest for the Orb.
     0 | D:1      | Reached XP level 1. HP: 14/14 MP: 1/1
   240 | D:1      | Reached XP level 2. HP: 15/19 MP: 2/2
   263 | D:1      | Reached skill level 3 in Maces & Flails
   402 | D:1      | Reached XP level 3. HP: 23/23 MP: 3/3
   822 | D:2      | Found a basalt altar of Yredelemnul.
  1109 | D:2      | Found a radiant altar of Vehumet.
  1631 | D:3      | Reached skill level 4 in Maces & Flails
  1847 | D:3      | Reached XP level 4. HP: 28/28 MP: 4/4
  2227 | D:3      | Reached skill level 5 in Maces & Flails
  2227 | D:3      | Reached XP level 5. HP: 31/32 MP: 5/5
  2563 | D:4      | Reached skill level 6 in Maces & Flails
  2567 | D:4      | Reached XP level 6. HP: 36/37 MP: 6/6
  2666 | D:4      | HP: 2/37 [orc priest/divine providence (11)]
  2673 | D:4      | Killed from afar by an orc priest

Skill      XL: |  1  2  3  4  5 |
---------------+----------------+-----
Maces & Flails | 3 4 5 6 |  6.4
Fighting       | |  3.2
Armour         | |  3.2
Shields        | |  3.2

Action                   |  1- 3 |  4- 6 || total
-------------------------+-------+-------++-------
Melee: Flail             |   179 |    73 ||   252
Throw: Javelin           |    10 |     3 ||    13
  Use: Potion            |       |     3 ||     3
  Eat: Chunk             |     3 |     3 ||     6
Armor: Scale mail        |    86 |    34 ||   120
Dodge: Dodged            |    52 |    21 ||    73
Block: Shield            |    92 |    44 ||   136

Vault maps used:
D:1:      dpeg_arrival_connections
D:2:      nicolae_overflow_crystal_walls, yredelemnul_altar_generic,
          kennysheep_another_room
D:4:      first_bread

Table legend:
 A = Turns spent in this place as a percentage of turns spent in the entire game.
 B = Non-inter-level travel turns spent in this place as a percentage of non-inter-level travel turns spent in the entire game.
 C = Inter-level travel turns spent in this place as a percentage of turns spent in this place.
 D = Turns resting spent in this place as a percentage of non-inter-level travel turns spent in this place.
 E = Turns spent auto-exploring this place as a percentage of non-inter-level travel turns spent in this place.
 F = Non-inter-level travel turns spent in this place divided by the number of levels of this place that you've seen.
                   A       B       C       D       E      F
               +-------+-------+-------+-------+-------+----------------------
         Total | 100.0 | 100.0 |   0.4 |   0.9 |  10.1 | 173.2
       Dungeon | 100.0 | 100.0 |   0.4 |   0.9 |  10.1 | 173.2
               +-------+-------+-------+-------+-------+----------------------

Table legend:
 A = Kills in this place as a percentage of kills in entire the game.
 B = Kills by you in this place as a percentage of kills by you in the entire game.
 C = Kills by friends in this place as a percentage of kills by friends in the entire game.
 D = Other kills in this place as a percentage of other kills in the entire game.
 E = Experience gained in this place as a percentage of experience gained in the entire game.
 F = Experience gained in this place divided by the number of levels of this place that you have seen.
                   A       B       C       D       E      F
               +-------+-------+-------+-------+-------+----------------------
         Total | 100.0 | 100.0 |  -nan |  -nan | 100.0 |  97.5
       Dungeon | 100.0 | 100.0 |  -nan |  -nan | 100.0 |  97.5
               +-------+-------+-------+-------+-------+----------------------
